 Dungeon Crawl Stone Soup version 0.27.0-1-g7a089689b8 (webtiles) character file.

Game seed: 11556017535979336838

358 PentaManta the Cudgeller (level 6, -1/37 HPs)
             Began as a Gargoyle Monk on Aug 16, 2021.
             Slain by an ice beast (12 damage)
             ... on level 5 of the Dungeon.
             The game lasted 00:08:01 (4499 turns).

PentaManta the Cudgeller (Gargoyle Monk)            Turns: 4499, Time: 00:08:01

Health: -1/37      AC: 11    Str: 17    XL:     6   Next: 64%
Magic:  6/6        EV: 10    Int: 10    God:
Gold:   92         SH:  0    Dex: 12    Spells: 5/5 levels left

rFire    . . .     SeeInvis .   y - +0 flail
rCold    . . .     Faith    .   (no shield)
rNeg     + . .     Spirit   .   r - +0 scale mail
rPois    ∞         Reflect  .   (no helmet)
rElec    +         Harm     .   (no cloak)
rCorr    .         Rampage  .   s - +0 pair of gloves
Will     .....                  (no boots)
Stlth    +.........             (no amulet)
HPRegen  0.12/turn              (no ring)
MPRegen  0.10/turn              (no ring)

@: no status effects
A: sickness immunity, AC +4, negative energy resistance 1, electricity
resistance, torment resistance 1, petrification resistance
a: no special abilities


You were on level 5 of the Dungeon.
You visited 2 branches of the dungeon, and saw 6 of its levels.

You collected 92 gold pieces.

Inventory:

Hand Weapons
 j - a +3 whip
 u - a +0 whip of venom
 y - a +0 flail (weapon)
Missiles
 c - 13 poisoned darts (quivered)
 w - 3 atropa-tipped darts
Armour
 q - a +0 plate armour
 r - a +0 scale mail (worn)
 s - a +0 pair of gloves (worn)
Jewellery
 h - a ring of ice
Scrolls
 b - a scroll of noise {unknown}
 d - a scroll of enchant weapon {unknown}
 i - 2 scrolls of identify {unknown}
 l - a scroll of enchant armour {unknown}
 n - a scroll of silence {unknown}
 o - 2 scrolls of magic mapping {unknown}
Potions
 e - a potion of degeneration {unknown}
 f - 2 potions of curing {unknown}
 g - a potion of lignification {unknown}
 k - a potion of heal wounds
 m - 2 potions of flight {unknown}
 p - a potion of attraction {unknown}
 v - a potion of might {unknown}
 x - a potion of haste {unknown}


   Skills:
 - Level 3.2 Fighting
 + Level 7.2 Maces & Flails
 - Level 2.4 Dodging
 - Level 2.1 Stealth


You had 5 spell levels left.
You didn't know any spells.
Your spell library contained the following spells:

 Spells                   Type           Power      Damage    Failure   Level
 Freeze                   Ice            0%         1d3       80%         1
 Blink                    Tloc           N/A        N/A       91%         2
 Wereblood                Tmut           0%         N/A       91%         2
 Frozen Ramparts          Ice            0%         1d2       99%         3
 Lesser Beckoning         Tloc           0%         N/A       99%         3
 Hailstorm                Conj/Ice       0%         3d3       100%        4
 Manifold Assault         Tloc           0%         N/A       100%        5
 Summon Hydra             Summ           0%         N/A       100%        7
 Sublimation of Blood     Necr           Unusable   N/A       N/A         2

Dungeon Overview and Level Annotations

Branches:
Dungeon (5/15)             Temple (1/1) D:4

Altars:
Ashenzari
Cheibriados
Dithmenos
Elyvilon
Gozag
Hepliaklqana
Nemelex Xobeh
Qazlal
Ru
Sif Muna
Uskayaw
Vehumet
Wu Jian
Xom
Yredelemnul
Zin
The Shining One

Shops:
D:1 *

Annotations:
D:4 Edmund
D:5 Grinder


Innate Abilities, Weirdness & Mutations

You are immune to sickness and miasma.
Your stone body is resilient. (AC +4)
You are immune to poison.
You resist negative energy. (rN+)
You are resistant to electric shocks. (rElec)
You are resistant to unholy torment.
You are immune to petrification.


Message History

The ice beast hits you but does no damage.
Grinder gestures at you. You resist with significant effort.
You hit the ice beast but do no damage.
The ice beast is moderately wounded.
The ice beast hits you but does no damage.
Grinder hits you but does no damage.
You closely miss the ice beast.
The ice beast is moderately wounded.
The ice beast hits you but does no damage.
Grinder blinks!
You closely miss the ice beast.
The ice beast is moderately wounded.
The ice beast hits you but does no damage.
You hit the ice beast.
The ice beast is heavily wounded.
The ice beast misses you.
You closely miss the ice beast.
The ice beast is heavily wounded.
The ice beast hits you but does no damage.
Grinder gestures at you.
You suddenly lose the ability to move!
The ice beast hits you but does no damage.
The ice beast hits you. The ice beast freezes you. Grinder gestures at you.
Pain shoots through your body!
The ice beast hits you but does no damage.
Grinder gestures at you.
You shrug off the repeated paralysis!
You can move again.
Unknown command.
You hit the ice beast.
The ice beast is heavily wounded.
The ice beast closely misses you. Grinder hits you!
You writhe in agony.
You hit the ice beast but do no damage.
The ice beast is heavily wounded.
The ice beast hits you.
* * * LOW HITPOINT WARNING * * *
The ice beast freezes you!
You die...

#..5.#
.####
###..# #.
#.#....#
#.##.#.#
#Y##.# ##
#....# ..
#..###
###.####..#
#...5@Y...#
#.#.#####.#
.. #... #.
#..## #
#..# #..#
#..#


You could see Grinder and an ice beast.

Vanquished Creatures
  A phantom (D:5)
  Blork the orc (D:4)
  A jelly (D:3)
  2 orc wizards (D:3)
  6 adders
  A worm (D:3)
  3 dart slugs
  4 orcs
  2 ball pythons (D:1)
  5 endoplasms
  3 giant cockroaches
  3 goblins
  7 hobgoblins
  9 jackals
  3 quokkas
  3 bats
  3 frilled lizards
  8 kobolds
  6 rats
71 creatures vanquished.

Notes
Turn   | Place    | Note
-------+----------+-------------------------------------------
     0 | D:1      | PentaManta the Gargoyle Monk began the quest for the Orb.
     0 | D:1      | Reached XP level 1. HP: 14/14 MP: 1/1
    17 | D:1      | Found Faacaqups's Assorted Antiques.
   165 | D:1      | Reached XP level 2. HP: 19/19 MP: 2/2
   614 | D:1      | Found a faded altar of an unknown god.
   719 | D:1      | Reached skill level 4 in Maces & Flails
   942 | D:2      | Reached XP level 3. HP: 23/23 MP: 3/3
   954 | D:2      | Found a sacrificial altar of Ru.
  1495 | D:2      | Reached XP level 4. HP: 28/28 MP: 4/4
  1839 | D:3      | Reached skill level 5 in Maces & Flails
  2335 | D:3      | Found a broken altar of Ashenzari.
  2343 | D:3      | Reached XP level 5. HP: 32/32 MP: 5/5
  2381 | D:3      | Reached skill level 6 in Maces & Flails
  3291 | D:4      | Noticed Edmund
  3798 | D:4      | Noticed Blork the orc
  3816 | D:4      | Killed Blork the orc
  3817 | D:4      | Reached XP level 6. HP: 2/37 MP: 6/6
  3818 | D:4      | HP: 1/37 [goblin (1)]
  4125 | D:4      | Found a staircase to the Ecumenical Temple.
  4149 | Temple   | Entered the Ecumenical Temple
  4379 | D:5      | Entered Level 5 of the Dungeon
  4390 | D:5      | Noticed Grinder
  4413 | D:5      | Noticed an ice beast
  4483 | D:5      | Reached skill level 7 in Maces & Flails
  4494 | D:5      | Paralysed by Grinder for 4 turns
  4499 | D:5      | Slain by an ice beast

Illustrated notes

Levels and vault maps discovered:
D:1:      minmay_arrival_loop, layout_basic,
          hellmonk_ecumenical_altar_inner_sanctum, serial_shops, shop,
          grunt_decor_arrowhead
D:2:      layout_basic, basic_altar
D:3:      layout_loops_ring, lemuel_tele_altar
D:4:      layout_rooms, minmay_temple_entry_butterflies, serial_corexii_hall,
          corexii_hall_statues_s, corexii_hall_statues_x, uniq_edmund,
          uniq_blork_the_orc, uniq_eustachio
D:5:      layout_loops_ring, uniq_grinder
Temple:   eino_temple_scatter_basement

Skill      XL: |  1  2  3  4  5  6 |
---------------+-------------------+-----
Maces & Flails | 4 5 6 7 |  7.2
Fighting       | |  3.2
Dodging        | |  2.4
Stealth        | |  2.1

Action                   |  1- 3 |  4- 6 || total
-------------------------+-------+-------++-------
Melee: Mace              |    35 |       ||    35
       Whip              |    55 |   204 ||   259
       Flail             |       |    16 ||    16
Throw: Dart              |       |     1 ||     1
  Use: Potion            |       |     1 ||     1
 Stab: Sleeping          |     4 |       ||     4
Armor: Robe              |    23 |       ||    23
       Scale mail        |     5 |   104 ||   109
       Ring mail         |     5 |       ||     5
Dodge: Dodged            |    53 |    73 ||   126
